 Dungeon Crawl Stone Soup version 0.25-a0-942-g87a53962fc (webtiles) character file.

Game seed: 8808957924672909244, levelgen mode: deterministic

109 Maedhros the Poker (level 4, 0/31 HPs)
             Began as an Octopode Chaos Knight on May 6, 2020.
             Was a Plaything of Xom.
             Hit by a silver boomerang thrown by an orc (1 damage)
             ... on level 4 of the Dungeon.
             The game lasted 00:06:01 (753 turns).

Maedhros the Poker (Octopode Chaos Knight)           Turns: 753, Time: 00:06:02

Health: 0/31       AC:  8    Str: 11    XL:     4   Next: 90%
Magic:  4/4        EV: 13    Int: 14    God:    Xom [..*...]
Gold:   115        SH:  0    Dex: 12    Spells: 3/3 levels left

rFire    . . .     SeeInvis .   d - +3 dagger (protect)
rCold    . . .     Gourm    .   (no shield)
rNeg     . . .     Faith    .   (helmet restricted)
rPois    .         Spirit   .   (no amulet)
rElec    .         Reflect  .   (no ring)
rCorr    .         Harm     .   (no ring)
MR       .....                  (no ring)
Stlth    +++.......             (no ring)
HPRegen  0.10/turn              (no ring)
MPRegen  0.09/turn              (no ring)
                                (no ring)
                                (no ring)

@: protection aura
A: almost no armour, stealthy swim, amphibious, 8 rings, constrict 8, camouflage
1, sense surroundings 1, gelatinous body 1, evolution 1
a: Renounce Religion


You were on level 4 of the Dungeon.
You worshipped Xom.
You were a toy of Xom.
You were not hungry.

You visited 1 branch of the dungeon, and saw 4 of its levels.

You collected 115 gold pieces.

Inventory:

Hand Weapons
 a - a +0 spear of chaos
 d - a +3 dagger of protection (weapon)
Missiles
 e - 9 javelins (quivered)
Comestibles
 b - 5 rations
 f - 2 chunks of flesh


   Skills:
 - Level 3.0 Fighting
 - Level 4.5 Polearms
 - Level 2.3 Dodging
 + Level 4.0 Stealth


You had 3 spell levels left.
You didn't know any spells.
Your spell library was empty.

Dungeon Overview and Level Annotations

Branches:
Dungeon (4/15)
 Temple: D:4-7

Altars:
Gozag
The Shining One


Innate Abilities, Weirdness & Mutations

You cannot wear most types of armour.
You are very stealthy in the water. (Stealth+)
You are amphibious.
You can wear up to eight rings at the same time.
You can use your tentacles to constrict eight enemies at once.
Your skin changes colour to match your surroundings (Stealth+).
Your rubbery body absorbs attacks. (AC +1, EV +1)
You passively map a small area around you.
You evolve.


Message History

The orc wizard is severely wounded.
You constrict the orc wizard.
The orc wizard points at you and mumbles some strange words.
The magic dart hits you. The orc wizard casts a spell at you.
The magic dart hits you.
* * * LOW HITPOINT WARNING * * *
You hit the orc wizard but do no damage.
The orc wizard is severely wounded.
You constrict the orc wizard. The orc wizard casts a spell at you.
The magic dart hits you.
* * * LOW HITPOINT WARNING * * *
Unknown command.
You hit the orc wizard.
You kill the orc wizard!
Your Stealth skill increases to level 4!
The orc throws a silver boomerang.
The silver boomerang hits you.
You die...
Xom chortles!

, , , * ,
#######
#.<...####
#.###....# ,
#. ####.####
*, ##,* *
#.@)o######
** ,
####oo...[#
, **
*###..#..ooo
* *, ##.#
#ยง. , ...*
* *##.o, , *
*...# ,* ,
,#.# , , ,
.#


You could see an orc wizard and 2 orcs.

Vanquished Creatures
  An orc wizard (D:4)
  A worker ant (D:4)
  2 adders
  A dart slug (D:2)
  2 leopard geckos
  6 orcs (D:3)
  2 bats
  4 giant cockroaches
  4 goblins
  3 hobgoblins
  2 kobolds
  A frilled lizard (D:1)
  3 rats
32 creatures vanquished.

Notes
Turn   | Place    | Note
-------+----------+-------------------------------------------
     0 | D:1      | Maedhros the Octopode Chaos Knight began the quest for the
                  | Orb.
     0 | D:1      | Reached XP level 1. HP: 16/16 MP: 1/1
   176 | D:1      | Reached XP level 2. HP: 21/21 MP: 2/2
   288 | D:3      | Reached XP level 3. HP: 26/26 MP: 3/3
   404 | D:3      | Gained mutation: You evolve. [potion of mutation]
   404 | D:3      | Gained mutation: You passively map a small area around you.
                  | [potion of mutation]
   415 | D:3      | XOM: potion effect (haste)
   416 | D:3      | XOM: divination: detect creatures
   470 | D:3      | Found an opulent altar of Gozag.
   503 | D:4      | Reached XP level 4. HP: 5/31 MP: 4/4
   707 | D:3      | Found a glowing golden altar of the Shining One.
   752 | D:4      | HP: 1/31 [orc wizard/magic dart (5)]
   753 | D:4      | Hit by a silver boomerang thrown by an orc

Levels and vault maps discovered:
D:1:      lemuel_arrival_muddy, layout_rooms
D:2:      layout_loops_ring, first_ration
D:3:      layout_loops_ring, nicolae_overflow_crystal_walls, lemuel_doored_altar
D:4:      layout_rooms, old_standard_altar

Skill      XL: |  1  2  3  4 |
---------------+-------------+-----
Polearms       | 4 |  4.5
Stealth        | 2 4 |  4.0
Fighting       | |  3.0
Dodging        | |  2.3

Action                   |  1- 3 |  4- 6 || total
-------------------------+-------+-------++-------
Melee: Dagger            |    56 |    22 ||    78
       Spear             |     8 |       ||     8
       Constrict         |    18 |     5 ||    23
       Tentacles         |     8 |     5 ||    13
  Use: Scroll            |     2 |     1 ||     3
       Potion            |     1 |     3 ||     4
 Stab: Sleeping          |     2 |       ||     2
Armor: Skin              |     9 |     6 ||    15
Dodge: Dodged            |    34 |    10 ||    44

Table legend:
 A = Non-vault XP
 B = Vault XP
 C = Vault XP percentage of total XP
 D = Non-vault monster count
 E = Vault monster count
 F = Vault count percentage of total count
                 A         B        C        D         E       F
            +---------+---------+-------+---------+---------+-------
      Total |     157 |       0 |   0.0 |      32 |       0 |   0.0
            +---------+---------+-------+---------+---------+-------
        D:1 |      15 |       0 |   0.0 |       9 |       0 |   0.0
        D:2 |      24 |       0 |   0.0 |       6 |       0 |   0.0
        D:3 |      44 |       0 |   0.0 |      14 |       0 |   0.0
        D:4 |      74 |       0 |   0.0 |       3 |       0 |   0.0
            +---------+---------+-------+---------+---------+-------
